 Dungeon Crawl Stone Soup version 0.31.0-1-g2c135a008e (webtiles) character file.

Game seed: 10108615450321457484

136 qw the Shooter (level 5, -2/40 HPs)
             Began as a Djinni Hunter on Jan 23, 2024.
             Slain by a water moccasin zombie (7 damage)
             ... in an ossuary.
             The game lasted 00:00:11 (2476 turns).

qw the Shooter (Djinni Hunter)                      Turns: 2476, Time: 00:00:12

Health: -2/40      AC:  2    Str: 10    XL:     5   Next: 43%
Gold:   165        EV: 11    Int: 10    God:
                   SH:  0    Dex: 19

rFire   + + .        a - +0 shortbow
rCold   x . .        (shield currently unavailable)
rNeg    + . .        d - +0 ring mail
rPois   inf          (no helmet)
rElec   .            (no cloak)
rCorr   .            (no gloves)
SInv    .            (boots unavailable)
Will    .....        (no amulet)
Stlth   +            m - ring of positive energy
HPRegen 0.26/turn    (no ring)
MPRegen 0.00/turn

%: infuse magic (-3 HP)
@: flying
A: sickness immunity, fire resistance 2, cold vulnerability 1, float, innate
caster, HP casting, extra vitality 1, deformed body
a: no special abilities


You were in an ossuary.
You visited 1 branch of the dungeon, and saw 4 of its levels.
You also visited: Ossuary.

You collected 165 gold pieces.


Innate Abilities, Weirdness & Mutations

You are immune to sickness and miasma.
You are immune to poison.
Your flesh is very heat resistant. (rF++)
You are vulnerable to cold. (rC-)
You float through the air rather than walking.
You learn spells naturally, not from books.
Your magical power is your life essence.
You have superior vitality. (+4 MHP)
Armour fits poorly on your strangely shaped body.


   Skills:
 - Level 3.0 Fighting
 + Level 4.7 Ranged Weapons
 - Level 1.0 Armour
 - Level 2.1 Dodging
 - Level 0.7 Stealth


You knew the following spells:

 Your Spells              Type           Power      Damage    Failure   Level
a - Necrotise             Necr           0%         1d4       67%         1
b - Blink                 Tloc           0%         N/A       82%         2
Your spell library was empty.

Inventory:

Hand Weapons
 a - a +0 shortbow (weapon)
Armour
 d - a +0 ring mail (worn)
Jewellery
 m - a ring of positive energy (left hand)
Scrolls
 l - a scroll of teleportation
Potions
 f - a potion of might
 h - a potion of enlightenment {unknown}
 k - a potion of invisibility {unknown}

Dungeon Overview and Level Annotations

Branches:
Dungeon (4/15)            Ossuary (1/1)
 Temple: D:4-7

Altars:


Message History

The gnoll zombie is heavily damaged.
The water moccasin zombie barely misses you.
The water moccasin zombie bites you but does no damage.
You shoot an arrow.
The arrow closely misses the water moccasin zombie.
The arrow hits the gnoll zombie.
The gnoll zombie is almost destroyed.
The water moccasin zombie misses you.
You shoot an arrow.
The arrow hits the water moccasin zombie but does no damage.
The water moccasin zombie bites you but does no damage.
The water moccasin zombie barely misses you.
You shoot an arrow.
The arrow hits the water moccasin zombie.
The water moccasin zombie is lightly damaged.
The water moccasin zombie bites you.
You shoot an arrow.
The arrow hits the water moccasin zombie.
The water moccasin zombie is lightly damaged.
The water moccasin zombie bites you. x2
You shoot an arrow.
The arrow hits the water moccasin zombie!
The water moccasin zombie is moderately damaged.
The water moccasin zombie bites you.
The water moccasin zombie barely misses you.
You shoot an arrow.
The arrow hits the water moccasin zombie.
The water moccasin zombie is heavily damaged.
The water moccasin zombie closely misses you.
You shoot an arrow.
The arrow closely misses the water moccasin zombie.
The arrow hits the gnoll zombie.
You destroy the gnoll zombie!
The water moccasin zombie bites you! The water moccasin zombie bites you.
You shoot an arrow.
The arrow closely misses the water moccasin zombie.
The arrow hits the gnoll zombie.
The gnoll zombie is lightly damaged.
The water moccasin zombie bites you. The water moccasin zombie bites you!
You die...

##+## #...#
#...# #...#
.Z. ##Z##
#.@.# ###
#####...#
#!??!#...#...#
+!$!!#.\.'...#
#!?!!#...#..\#
### #########


You could see a water moccasin zombie and a gnoll zombie.

Vanquished Creatures
  4 adders
  An adder zombie (Ossuary)
  2 ribbon worms
  2 dart slugs
  2 orcs (D:3)
  6 ball pythons
  9 endoplasms
  5 giant cockroaches
  8 goblins
  5 hobgoblins
  4 jackals
  3 kobolds
  2 quokkas
  9 bats
  4 frilled lizards (D:1)
  A gnoll zombie (Ossuary)
  3 orc zombies (Ossuary)
  11 rats
81 creatures vanquished.

Notes
Turn   | Place    | Note
-------+----------+-------------------------------------------
     0 | D:1      | qw the Djinni Hunter began the quest for the Orb.
     0 | D:1      | Reached XP level 1. HP: 18/18 MP: 0/0
     0 | D:1      | 0 ||| qw: Version: 0.3-a-135-gb77e89d
     0 | D:1      | 0 ||| qw: Game counter: 785
     0 | D:1      | 0 ||| qw: Melee chars always use a shield: true
     0 | D:1      | 0 ||| qw: God list: Okawaru
     0 | D:1      | 0 ||| qw: Allow faded altars: false
     0 | D:1      | 0 ||| qw: Do Orc after clearing Dungeon:15 true
     0 | D:1      | 0 ||| qw: Do second Lair branch before Depths: true
     0 | D:1      | 0 ||| qw: Lair rune preference: random
     0 | D:1      | 0 ||| qw: Goals: Normal
     0 | D:1      | 0 ||| PLANNING D:1-11
   103 | D:1      | Reached XP level 2. HP: 23/23 MP: 0/0
   398 | D:1      | Reached skill level 4 in Ranged Weapons
   398 | D:1      | Reached XP level 3. HP: 28/28 MP: 0/0
   398 | D:1      | Learned a level 1 spell: Necrotise
   411 | D:1      | Found a faded altar of an unknown god.
   425 | D:1      | 425 ||| UPGRADING to +0 ring mail.
   441 | D:1      | 441 ||| DROPPING +0 leather armour.
   560 | D:1      | Reached skill level 1 in Armour
   655 | D:1      | 655 ||| READING 2 scrolls labelled ASKATO DOFOTAM.
   656 | D:1      | 656 ||| READING scroll labelled NEUPPO LYRYO.
   657 | D:1      | 657 ||| READING scroll labelled ARIEXOPS IR QOEF.
   657 | D:1      | 657 ||| IDENTIFYING blue potion
   658 | D:1      | 658 ||| DROPPING scroll of butterflies.
   659 | D:1      | 659 ||| DROPPING scroll of amnesia.
   853 | D:2      | Reached XP level 4. HP: 14/34 MP: 0/0
  1289 | D:2      | 1289 ||| READING scroll labelled TITERI KESSEGI.
  1293 | D:2      | 1293 ||| DRINKING 3 lumpy golden potions.
  1293 | D:2      | Gained mutation: You are resistant to electric shocks.
                  | (rElec) [potion of mutation]
  1293 | D:2      | Lost mutation: You are resistant to electric shocks.
                  | (rElec) [potion of mutation]
  1293 | D:2      | Gained mutation: Your spells are a little harder to cast,
                  | but a little more powerful. [potion of mutation]
  1294 | D:2      | 1294 ||| DRINKING 2 potions of mutation.
  1294 | D:2      | Lost mutation: Your spells are a little harder to cast, but
                  | a little more powerful. [potion of mutation]
  1294 | D:2      | Gained mutation: Armour fits poorly on your strangely
                  | shaped body. [potion of mutation]
  1295 | D:2      | 1295 ||| DRINKING potion of mutation.
  1295 | D:2      | Lost mutation: Armour fits poorly on your strangely shaped
                  | body. [potion of mutation]
  1295 | D:2      | Gained mutation: Your spells are a little easier to cast,
                  | but a little less powerful. [potion of mutation]
  1295 | D:2      | Gained mutation: You are robust. (+10% HP) [potion of
                  | mutation]
  1326 | D:3      | 1326 ||| STAIRDANCE
  1356 | D:3      | Reached skill level 3 in Fighting
  1399 | D:3      | 1399 ||| STAIRDANCE
  1450 | D:3      | 1450 ||| DRINKING potion of mutation.
  1450 | D:3      | Lost mutation: Your spells are a little easier to cast, but
                  | a little less powerful. [potion of mutation]
  1450 | D:3      | Lost mutation: You are robust. (+10% HP) [potion of
                  | mutation]
  1450 | D:3      | Gained mutation: Armour fits poorly on your strangely
                  | shaped body. [potion of mutation]
  1801 | D:3      | Reached XP level 5. HP: 40/40 MP: 0/0
  1801 | D:3      | Learned a level 2 spell: Blink
  2159 | D:3      | 2159 ||| UPGRADING to ring of positive energy.
  2160 | D:3      | 2160 ||| READING scroll of identify.
  2160 | D:3      | 2160 ||| IDENTIFYING inky potion
  2161 | D:3      | 2161 ||| READING scroll labelled XISSE RAVOUFITS.
  2161 | D:3      | 2161 ||| ENCHANTING +0 shortbow.
  2162 | D:3      | 2162 ||| READING scroll labelled SET QIBRICIZ.
  2163 | D:3      | 2163 ||| READING scroll labelled ASOTEC ZOAM.
  2164 | D:3      | 2164 ||| READING scroll labelled ATTOSE ETWUT.
  2165 | D:3      | 2165 ||| READING scroll labelled SEYVOAG JUASHU.
  2228 | D:3      | 2228 ||| READING scroll labelled BOHAOLURHI.
  2229 | D:3      | 2229 ||| DROPPING potion of degeneration.
  2256 | D:4      | 2256 ||| PLANNING OSSUARY
  2384 | D:4      | Found a sand-covered staircase.
  2446 | Ossuary  | Entered an ossuary
  2476 | Ossuary  | HP: 5/40 [water moccasin zombie (6)]
  2476 | Ossuary  | Slain by a water moccasin zombie

Levels and vault maps discovered:
D:1:      zelgadis_glass_arrival_small, layout_loops_cross,
          chequers_ecumenical_altar_lobes
D:2:      layout_basic
D:3:      layout_basic, kennysheep_cluttered_room, minmay_starry_boxes
D:4:      layout_loops_corners, vehumet_statue, enter_ossuary_1,
          uniq_blork_the_orc
Ossuary:  ossuary_tomb_2

Skill      XL: |  1  2  3  4 |
---------------+-------------+-----
Ranged Weapons | 4 |  4.7
Armour         | 1 |  1.0
Fighting       | 3 |  3.0
Dodging        | |  2.1
Stealth        | |  0.7

Action                     |  1- 3 |  4- 6 || total
---------------------------+-------+-------++-------
   Fire: Shortbow          |   104 |   155 ||   259
    Use: Scroll            |     3 |     8 ||    11
         Potion            |       |     4 ||     4
 Armour: Leather armour    |    10 |       ||    10
         Ring mail         |    31 |    94 ||   125
         Skin              |     1 |       ||     1
  Dodge: Dodged            |    32 |    80 ||   112

Table legend:
 A = Non-vault XP
 B = Vault XP
 C = Vault XP percentage of total XP
 D = Non-vault monster count
 E = Vault monster count
 F = Vault count percentage of total count
                 A         B        C        D         E       F
            +---------+---------+-------+---------+---------+-------
      Total |     177 |      18 |   9.2 |      72 |       9 |  11.1
            +---------+---------+-------+---------+---------+-------
        D:1 |      43 |       0 |   0.0 |      25 |       0 |   0.0
        D:2 |      38 |       0 |   0.0 |      22 |       0 |   0.0
        D:3 |      79 |       8 |   9.2 |      23 |       4 |  14.8
        D:4 |      17 |       0 |   0.0 |       2 |       0 |   0.0
    Ossuary |       0 |      10 | 100.0 |       0 |       5 | 100.0
            +---------+---------+-------+---------+---------+-------
